Map: Through the Darkness

Players

Tesla - Winner!

  • Race: Protoss Protoss

Anthares

  • Race: Protoss Protoss

VOD

Have the link to the VOD?

Description

Time

  • Played on: Sept. 26, 2016, 1:54 p.m.
  • Length: 8:44
Show
View Real Time Build Order
Export as new Build Order

Tesla Protoss - Winner!

Build Orders:  

Get SALT Encoding   

  12  0:00  Probe (Chrono Boost)  
  13  0:11  Probe (Chrono Boost)  
  14  0:18  Pylon  
  14  0:22  Probe (Chrono Boost)  
  15  0:37  Probe (Chrono Boost)  
  15  0:40  Gateway  
  16  0:46  Assimilator  
  16  0:47  Probe (Chrono Boost)  
  17  0:58  Probe (Chrono Boost)  
  18  1:06  Pylon  
  18  1:08  Probe (Chrono Boost)  
  19  1:19  Probe (Chrono Boost)  
  20  1:28  Cybernetics Core  
  20  1:29  Probe (Chrono Boost)  
  22  1:40  Probe (Chrono Boost)  
  22  1:50  Probe (Chrono Boost)  
  22  1:52  Nexus  
  23  2:01  Probe (Chrono Boost)  
  24  2:03  Assimilator  
  24  2:12  Mothership Core (Chrono Boost)  
  24  2:14  Gateway  
  26  2:28  Adept  
  28  2:30  Probe (Chrono Boost)  
  28  2:33  Gateway  
  29  2:39  Warp Gate  
  29  2:41  Probe (Chrono Boost), Pylon  
  30  2:52  Probe (Chrono Boost)  
  31  3:01  Pylon  
  31  3:06  Probe (Chrono Boost)  
  31  3:07  Probe (Chrono Boost)  
  33  3:16  Adept x2  
  33  3:17  Probe (Chrono Boost)  
  33  3:19  Probe (Chrono Boost)  
  38  3:27  Probe (Chrono Boost), Stalker  
  38  3:31  Probe (Chrono Boost)  
  42  3:38  Twilight Council, Probe (Chrono Boost)  
  43  3:43  Probe (Chrono Boost)  
  43  3:45  Sentry  
  47  3:48  Probe (Chrono Boost)  
  47  3:51  Stalker  
  50  3:55  Probe (Chrono Boost)  
  50  3:59  Probe (Chrono Boost), Assimilator  
  50  4:02  Pylon  
  51  4:08  Probe (Chrono Boost)  
  51  4:09  Probe (Chrono Boost)  
  53  4:11  Stalker  
  53  4:14  Resonating Glaives  
  55  4:17  Assimilator  
  55  4:19  Pylon  
  55  4:22  Probe (Chrono Boost)  
  57  4:24  Probe (Chrono Boost)  
  57  4:34  Probe (Chrono Boost)  
  57  4:36  Probe (Chrono Boost)  
  59  4:42  Stalker  
  59  4:44  Stalker  
  64  4:46  Probe (Chrono Boost)  
  64  4:50  Gateway  
  64  4:51  Pylon  
  64  4:56  Gateway  
  64  4:57  Pylon  
  64  5:03  Robotics Facility  
  64  5:04  Pylon  
  64  5:10  Stalker  
  64  5:11  Adept  
  68  5:15  Adept  
  70  5:28  Pylon  
  71  5:30  Probe x2 (Chrono Boost)  
  71  5:34  Stalker  
  71  5:35  Stalker  
  76  5:39  Blink  
  76  5:41  Stalker  
  78  5:53  Stalker  
  78  6:00  Immortal  
  82  6:24  Stalker x3  
  88  6:39  Warp Prism  
  92  6:47  Probe x2 (Chrono Boost)  
  92  6:48  Stalker  
  92  6:49  Stalker x2  
  92  6:51  Nexus  
  92  6:53  Assimilator  
  98  6:57  Assimilator  
  98  7:01  Pylon  
  98  7:05  Pylon  
  98  7:15  Observer  
  91  7:19  Stalker x3  
  89  7:36  Immortal  
  93  7:42  Adept x3  
  97  8:04  Stalker x3  
Show
View Real Time Build Order
Export as new Build Order

Anthares Protoss 

Build Orders: 1 Gate Expand 

Get SALT Encoding   

  12  0:01  Probe (Chrono Boost)  
  13  0:11  Probe (Chrono Boost)  
  14  0:27  Pylon  
  14  0:28  Probe (Chrono Boost)  
  15  0:45  Probe (Chrono Boost)  
  15  0:49  Gateway  
  16  0:56  Probe (Chrono Boost), Assimilator  
  17  1:06  Probe (Chrono Boost)  
  18  1:22  Probe (Chrono Boost), Nexus  
  19  1:32  Probe (Chrono Boost)  
  20  1:39  Pylon  
  20  1:46  Cybernetics Core  
  20  1:49  Probe (Chrono Boost)  
  21  2:06  Probe (Chrono Boost)  
  21  2:07  Warp Gate  
  22  2:09  Assimilator  
  22  2:17  Probe (Chrono Boost)  
  23  2:30  Gateway  
  23  2:32  Pylon  
  26  2:37  Probe (Chrono Boost)  
  26  2:38  Mothership Core (Chrono Boost)  
  26  2:47  Probe (Chrono Boost)  
  26  2:51  Robotics Facility  
  27  2:58  Probe (Chrono Boost)  
  29  3:07  Probe (Chrono Boost)  
  29  3:08  Probe (Chrono Boost)  
  30  3:12  Gateway  
  30  3:19  Probe x2 (Chrono Boost)  
  32  3:22  Sentry  
  34  3:29  Probe (Chrono Boost)  
  34  3:31  Probe (Chrono Boost)  
  36  3:41  Assimilator  
  36  3:42  Observer  
  36  3:43  Probe (Chrono Boost)  
  38  3:59  Probe (Chrono Boost)  
  39  4:08  Pylon  
  39  4:09  Probe (Chrono Boost)  
  40  4:10  Immortal  
  44  4:20  Probe (Chrono Boost)  
  44  4:21  Probe (Chrono Boost)  
  44  4:23  Assimilator  
  46  4:29  Twilight Council  
  46  4:30  Stalker x3  
  52  4:31  Pylon  
  52  4:33  Probe (Chrono Boost)  
  53  4:52  Probe (Chrono Boost)  
  55  4:53  Probe (Chrono Boost)  
  55  4:57  Stalker x3  
  61  5:02  Probe (Chrono Boost)  
  61  5:04  Blink  
  61  5:05  Probe (Chrono Boost)  
  63  5:13  Probe (Chrono Boost)  
  64  5:17  Probe (Chrono Boost)  
  64  5:18  Immortal  
  69  5:34  Pylon  
  69  5:37  Pylon  
  69  5:40  Pylon  
  69  5:41  Forge, Pylon  
  69  5:43  Forge  
  69  5:45  Pylon  
  69  5:57  Stalker x3  
  69  5:59  Mothership Core (Chrono Boost)  
  63  6:28  Stalker x3  
  63  6:32  Immortal  
  67  6:44  Probe (Chrono Boost)  
  68  6:53  Zealot x2  
  68  6:54  Zealot  
  74  7:05  Gateway  
  74  7:06  Gateway  
  74  7:07  Immortal  
  74  7:08  Gateway  
  74  7:10  Gateway  
  74  7:12  Gateway  
  74  7:13  Pylon  
  57  7:24  Stalker  
  57  7:25  Stalker x2  
  42  7:38  Stalker x2  
  42  7:39  Stalker  
Tags
 
Add a new tag
Caveats
  • Supply blocks, unpowered buildings, or Contaminate may cause inaccurate times.
  • Supply counts are checked every 10 seconds.